PA
CHICAGO TULA @ SOUTH BEACH BLAZE
09/02/2028
 
TOP OF THE 1ST
Chicago Tula batting - Pitching for South Beach Blaze : RHP Kenny Aarnoutse
Pitching: RHP Kenny Aarnoutse
Batting: RHB Dani Durán 0-0: Called Strike
0-1: Fly out, F8 (Flyball, 8RM)
Batting: RHB Rubén Arce 0-0: Ball
1-0: Foul Ball, location: 2F
1-1: Called Strike
1-2: Ball
2-2: Ground out 1-3 (Groundball, P)
Batting: SHB Dave Atkins 0-0: Ball
1-0: Foul Ball, location: 2F
1-1: Fly out, F9 (Flyball, 9)
Top of the 1st over - 0 run(s), 0 hit(s), 0 error(s), 0 left on base; Chicago 0 - South Beach 0
BOTTOM OF THE 1ST
South Beach Blaze batting - Pitching for Chicago Tula : RHP Santiago Ramírez
Pitching: RHP Santiago Ramírez
Batting: RHB Giobbe Bastedo 0-0: Fly out, F8 (Flyball, 8LD)
Batting: RHB Harlan Peppers 0-0: Called Strike
0-1: Ball
1-1: Called Strike
1-2: Ball
2-2: Strikes out looking
Batting: SHB Serious Lee 0-0: Swinging Strike
0-1: Called Strike
0-2: Fly out, F7 (Flyball, 7LSF)
Bottom of the 1st over - 0 run(s), 0 hit(s), 0 error(s), 0 left on base; Chicago 0 - South Beach 0
TOP OF THE 2ND
Chicago Tula batting - Pitching for South Beach Blaze : RHP Kenny Aarnoutse
Batting: RHB Tommy Socorro 0-0: Called Strike
0-1: Fly out, F8 (Flyball, 8LM)
Batting: RHB Rand McNally 0-0: Ball
1-0: Ground out 6-3 (Groundball, 56)
Batting: RHB Syed Sarkar 0-0: Called Strike
0-1: Ball
1-1: Ball
2-1: Foul Ball, location: 2F
2-2: Foul Ball, location: 2F
2-2: Ground out 6-3 (Groundball, 6)
Top of the 2nd over - 0 run(s), 0 hit(s), 0 error(s), 0 left on base; Chicago 0 - South Beach 0
BOTTOM OF THE 2ND
South Beach Blaze batting - Pitching for Chicago Tula : RHP Santiago Ramírez
Batting: LHB Sepulveda Zambrano 0-0: Ball
1-0: Foul Ball, location: 2F
1-1: Foul Ball, location: 2F
1-2: Foul Ball, location: 2F
1-2: Foul Ball, location: 2F
1-2: Ball
2-2: Foul Ball, location: 2F
2-2: Fly out, F9 (Flyball, 9S)
Batting: LHB Raymond Graham 0-0: Ball
1-0: SINGLE (Line Drive, 78S)
Batting: LHB Marcel Escoda 0-0: Foul Ball, location: 2F
0-1: Foul Ball, location: 2F
0-2: Strikes out looking
Batting: RHB Daniel Bertrand 0-0: Ball
1-0: Ball
2-0: Called Strike
2-1: Swinging Strike
2-2: Strikes out looking
Bottom of the 2nd over - 0 run(s), 1 hit(s), 0 error(s), 1 left on base; Chicago 0 - South Beach 0
TOP OF THE 3RD
Chicago Tula batting - Pitching for South Beach Blaze : RHP Kenny Aarnoutse
Batting: LHB Raphaël Duval 0-0: Ground out U3 (Groundball, 3)
Batting: RHB Santiago Valentín 0-0: Called Strike
0-1: Swinging Strike
0-2: Ball
1-2: Ball
2-2: Foul Ball, location: 2F
2-2: Ground out 4-3 (Groundball, 4)
Batting: RHB José Morán 0-0: Foul Ball, location: 2F
0-1: Ball
1-1: Ball
2-1: Swinging Strike
2-2: Foul Ball, location: 2F
2-2: Foul Ball, location: 2F
2-2: Strikes out looking
Top of the 3rd over - 0 run(s), 0 hit(s), 0 error(s), 0 left on base; Chicago 0 - South Beach 0
BOTTOM OF THE 3RD
South Beach Blaze batting - Pitching for Chicago Tula : RHP Santiago Ramírez
Batting: RHB Shizuo Heiwajaima 0-0: Ball
1-0: Ball
2-0: SINGLE (Flyball, 9S)
Batting: RHB Ed Bowers 0-0: Called Strike
0-1: SINGLE (Flyball, 8RS)
Shizuo Heiwajaima to second
Batting: RHB Giobbe Bastedo 0-0: SINGLE (Groundball, 6MD)
Shizuo Heiwajaima to third
Ed Bowers to second
Runner from 3rd tries for Home, SAFE, no throw
Batting: RHB Harlan Peppers 0-0: Swinging Strike
0-1: Foul Ball, location: 2F
0-2: Strikes out swinging
Batting: SHB Serious Lee 0-0: Ball
1-0: Called Strike
1-1: Fly out, F3 (Line Drive, 3L)
Batting: LHB Sepulveda Zambrano 0-0: Fly out, F3 (Line Drive, 3S)
Bottom of the 3rd over - 1 run(s), 3 hit(s), 0 error(s), 2 left on base; Chicago 0 - South Beach 1
TOP OF THE 4TH
Chicago Tula batting - Pitching for South Beach Blaze : RHP Kenny Aarnoutse
Batting: RHB Dani Durán 0-0: SINGLE (Groundball, 6D)
Batting: RHB Rubén Arce 0-0: Called Strike
0-1: Ball
1-1: Foul Ball, location: 2F
1-2: Strikes out swinging
Batting: SHB Dave Atkins 0-0: Fly out, F9 (Flyball, 9S)
Batting: RHB Tommy Socorro 0-0: Ball
1-0: Called Strike
1-1: Foul Ball, location: 2F
1-2: Strikes out swinging
Top of the 4th over - 0 run(s), 1 hit(s), 0 error(s), 1 left on base; Chicago 0 - South Beach 1
BOTTOM OF THE 4TH
South Beach Blaze batting - Pitching for Chicago Tula : RHP Santiago Ramírez
Batting: LHB Raymond Graham 0-0: Ball
1-0: Ball
2-0: Foul Ball, location: 2F
2-1: Foul Ball, location: 2F
2-2: Foul Ball, location: 2F
2-2: Foul Ball, location: 2F
2-2: Ball
3-2: Strikes out looking
Batting: LHB Marcel Escoda 0-0: Ball
1-0: Called Strike
1-1: Ball
2-1: Ball
3-1: Base on Balls
Batting: RHB Daniel Bertrand 0-0: Called Strike
0-1: Called Strike
0-2: Foul Ball, location: 2F
0-2: Ball
1-2: SINGLE (Groundball, 56) (infield hit)
Marcel Escoda to second
Batting: RHB Shizuo Heiwajaima 0-0: Called Strike
Marcel Escoda steals 3rd base
Daniel Bertrand to second
0-1: Swinging Strike
0-2: Strikes out swinging
Batting: RHB Ed Bowers 0-0: Ball
1-0: Ball
2-0: Foul Ball, location: 2F
2-1: Called Strike
2-2: Ball
3-2: SINGLE (Groundball, 4D)
Marcel Escoda scores
Daniel Bertrand to third
Daniel Bertrand scores
Batting: RHB Giobbe Bastedo 0-0: Called Strike
0-1: Ball
1-1: Ball
2-1: Foul Ball, location: 2F
2-2: Ball
3-2: Foul Ball, location: 2F
3-2: Fly out, F6 (Line Drive, 6)
Bottom of the 4th over - 2 run(s), 2 hit(s), 0 error(s), 1 left on base; Chicago 0 - South Beach 3
TOP OF THE 5TH
Chicago Tula batting - Pitching for South Beach Blaze : RHP Kenny Aarnoutse
Batting: RHB Rand McNally 0-0: Ball
1-0: Called Strike
1-1: Called Strike
1-2: Ball
2-2: Ball
3-2: Strikes out swinging, 2-3 out at first.
Batting: RHB Syed Sarkar 0-0: Ball
1-0: Foul Ball, location: 2F
1-1: Foul Ball, location: 2F
1-2: Foul Ball, location: 2F
1-2: Foul Ball, location: 2F
1-2: Foul Ball, location: 2F
1-2: SINGLE (Line Drive, 7S)
Batting: LHB Raphaël Duval 0-0: Ball
1-0: Foul Ball, location: 2F
1-1: Ball
2-1: Foul Ball, location: 2F
2-2: Ground out 3-1 (Groundball, 34S)
Syed Sarkar to second
Batting: RHB Santiago Valentín 0-0: Swinging Strike
0-1: Ball
1-1: Ball
2-1: Ball
3-1: DOUBLE (Flyball, 8RXD)
Syed Sarkar scores
Batting: RHB José Morán 0-0: Called Strike
0-1: Ball
1-1: Called Strike
1-2: Ball
2-2: Ball
3-2: Base on Balls
Batting: RHB Dani Durán 0-0: Called Strike
0-1: Ball
1-1: Swinging Strike
1-2: Fielders Choice at 2nd, 4-6 (Groundball, 4)
Top of the 5th over - 1 run(s), 2 hit(s), 0 error(s), 1 left on base; Chicago 1 - South Beach 3
BOTTOM OF THE 5TH
South Beach Blaze batting - Pitching for Chicago Tula : RHP Santiago Ramírez
Batting: RHB Harlan Peppers 0-0: SINGLE (Groundball, 56D)
Batting: SHB Serious Lee 0-0: Called Strike
0-1: Fly out, F7 (Flyball, 7LSF)
Batting: LHB Sepulveda Zambrano 0-0: Called Strike
0-1: Fly out, F8 (Flyball, 8RM)
Batting: LHB Raymond Graham 0-0: Ball
1-0: SINGLE (Line Drive, 6M)
Harlan Peppers to second
Runner from 2nd tries for 3rd, SAFE, throw made to third
Batting: LHB Marcel Escoda 0-0: Ball
1-0: SINGLE (Line Drive, 89S)
Harlan Peppers scores
Raymond Graham to second
Batting: RHB Daniel Bertrand 0-0: Foul Ball, location: 2F
0-1: Fielders Choice at 2nd, 6-4 (Groundball, 6)
Bottom of the 5th over - 1 run(s), 3 hit(s), 0 error(s), 1 left on base; Chicago 1 - South Beach 4
TOP OF THE 6TH
Chicago Tula batting - Pitching for South Beach Blaze : RHP Kenny Aarnoutse
Batting: RHB Rubén Arce 0-0: Ball
1-0: Called Strike
1-1: Ball
2-1: Ball
3-1: Base on Balls
Batting: SHB Dave Atkins 0-0: Called Strike
0-1: Swinging Strike
0-2: Foul Ball, location: 2F
0-2: Ball
1-2: Foul Ball, location: 2F
1-2: Ball
2-2: Strikes out swinging
Pitching: LHP Luis Oropeza
Batting: RHB Tommy Socorro 0-0: Ball
1-0: Called Strike
1-1: Ball
2-1: Ball
Rubén Arce steals 2nd base
3-1: Foul Ball, location: 2F
3-2: Ground out 6-3 (Groundball, 6)
Rubén Arce to third
Batting: RHB Rand McNally 0-0: Called Strike
0-1: Foul Ball, location: 2F
0-2: Strikes out looking
Top of the 6th over - 0 run(s), 0 hit(s), 0 error(s), 1 left on base; Chicago 1 - South Beach 4
BOTTOM OF THE 6TH
South Beach Blaze batting - Pitching for Chicago Tula : RHP Santiago Ramírez
Batting: RHB Shizuo Heiwajaima 0-0: Fly out, F7 (Flyball, 7S)
Batting: RHB Ed Bowers 0-0: Ball
1-0: Called Strike
1-1: Called Strike
1-2: SINGLE (Groundball, 56) (infield hit)
Batting: RHB Giobbe Bastedo 0-0: Ball
1-0: Ball
2-0: Called Strike
2-1: Swinging Strike
2-2: Foul Ball, location: 2F
2-2: Foul Ball, location: 2F
2-2: Fielders Choice at 2nd, 6-4 (Groundball, 6)
Pitching: RHP Henry Fowler
Batting: RHB Harlan Peppers 0-0: Swinging Strike
0-1: Ball
1-1: Ball
2-1: Swinging Strike
2-2: Ball
3-2: Foul Ball, location: 2F
3-2: DOUBLE (Line Drive, 5D)
Giobbe Bastedo to third
Giobbe Bastedo scores
Batting: SHB Serious Lee 0-0: Ball
1-0: Swinging Strike
1-1: Called Strike
1-2: Ball
Wild Pitch!
Harlan Peppers to third
2-2: Strikes out looking
Bottom of the 6th over - 1 run(s), 2 hit(s), 0 error(s), 1 left on base; Chicago 1 - South Beach 5
TOP OF THE 7TH
Chicago Tula batting - Pitching for South Beach Blaze : LHP Luis Oropeza
Batting: RHB Syed Sarkar 0-0: Called Strike
0-1: Called Strike
0-2: Ball
1-2: Foul Ball, location: 2F
1-2: Ground out 6-3 (Groundball, 6)
Batting: LHB Raphaël Duval 0-0: Called Strike
0-1: Fly out, F8 (Flyball, 89D)
Batting: RHB Santiago Valentín 0-0: Swinging Strike
0-1: Ball
1-1: Ball
2-1: Ball
3-1: Ground out 1-3 (Groundball, 13)
Top of the 7th over - 0 run(s), 0 hit(s), 0 error(s), 0 left on base; Chicago 1 - South Beach 5
BOTTOM OF THE 7TH
South Beach Blaze batting - Pitching for Chicago Tula : RHP Henry Fowler
Batting: LHB Sepulveda Zambrano 0-0: Ball
1-0: Called Strike
1-1: Fly out, F7 (Flyball, 7D)
Batting: LHB Raymond Graham 0-0: Ball
1-0: DOUBLE (Groundball, 3L)
Batting: LHB Marcel Escoda 0-0: Called Strike
0-1: Foul Ball, location: 2F
0-2: Ball
Wild Pitch!
Raymond Graham to third
1-2: Fly out, F8 (Line Drive, 8LD)
Runner from 3rd tags up, SCORES, no throw
Batting: RHB Daniel Bertrand 0-0: Ball
1-0: SINGLE (Line Drive, 7S)
Batting: RHB Shizuo Heiwajaima 0-0: Ball
1-0: Foul Ball, location: 2F
1-1: Foul Ball, location: 2F
1-2: Ball
2-2: Strikes out swinging
Bottom of the 7th over - 1 run(s), 2 hit(s), 0 error(s), 1 left on base; Chicago 1 - South Beach 6
TOP OF THE 8TH
Chicago Tula batting - Pitching for South Beach Blaze : LHP Luis Oropeza
Batting: RHB José Morán 0-0: Foul Ball, location: 2F
0-1: Ball
1-1: Called Strike
1-2: Strikes out swinging
Batting: RHB Dani Durán 0-0: Swinging Strike
0-1: Foul Ball, location: 2F
0-2: Ball
1-2: Foul Ball, location: 2F
1-2: Fly out, F4 (Popup, 4)
Batting: RHB Rubén Arce 0-0: Foul Ball, location: 2F
0-1: Foul Ball, location: 2F
0-2: Foul Ball, location: 2F
0-2: Ball
1-2: Strikes out swinging
Top of the 8th over - 0 run(s), 0 hit(s), 0 error(s), 0 left on base; Chicago 1 - South Beach 6
BOTTOM OF THE 8TH
South Beach Blaze batting - Pitching for Chicago Tula : RHP Henry Fowler
Batting: RHB Ed Bowers 0-0: Swinging Strike
0-1: Foul Ball, location: 2F
0-2: Strikes out swinging
Batting: RHB Giobbe Bastedo 0-0: Ball
1-0: Ground out 5-3 (Groundball, 56)
Batting: RHB Harlan Peppers 0-0: Foul Ball, location: 2F
0-1: Ball
1-1: Called Strike
1-2: Strikes out looking
Bottom of the 8th over - 0 run(s), 0 hit(s), 0 error(s), 0 left on base; Chicago 1 - South Beach 6
TOP OF THE 9TH
Chicago Tula batting - Pitching for South Beach Blaze : LHP Luis Oropeza
Batting: SHB Dave Atkins 0-0: Ball
1-0: Called Strike
1-1: Ball
2-1: Foul Ball, location: 2F
2-2: Strikes out looking
Batting: RHB Tommy Socorro 0-0: Ground out 3-1 (Groundball, 2R)
Batting: RHB Rand McNally 0-0: Called Strike
0-1: Called Strike
0-2: Strikes out swinging, 2-3 out at first.
Top of the 9th over - 0 run(s), 0 hit(s), 0 error(s), 0 left on base; Chicago 1 - South Beach 6
Thursday, August 31st, 2017 - OOTP Baseball 17.12 Build 75